 Dungeon Crawl Stone Soup version 0.18-a0-1070-gd466a24 (webtiles) character file.

141 tof the Sneak (level 5, -2/32 HPs)
             Began as a Tengu Assassin on Jan 13, 2016.
             Slain by Sigmund
             ... wielding a +0 scythe
              (7 damage)
             ... on level 3 of the Dungeon.
             The game lasted 00:04:47 (2197 turns).

tof the Sneak (Tengu Assassin)                      Turns: 2197, Time: 00:04:47

Health: -2/32      AC:  3    Str: 11    XL:     5   Next: 24%
Magic:  5/6        EV: 15    Int: 11    God:
Gold:   23         SH:  0    Dex: 17    Spells: 0 memorised, 4 levels left

rFire  . . .     SeeInvis .     a - +2 dagger
rCold  . . .     Gourm    .     c - +0 robe
rNeg   . . .     Faith    .     (no shield)
rPois  .         Spirit   .     (helmet restricted)
rElec  .         Dismiss  .     d - +0 cloak
rCorr  .         Reflect  .     (no gloves)
SustAt .         Harm     .     (boots unavailable)
MR     .....                    x - amulet of regeneration
Stlth  +++.......               (no ring)
                                (no ring)

@: flying quickly and evasively, quick, not resistant to hostile enchantments,
fairly stealthy
A: beak, talons 3, able to fly 1
a: no special abilities


You were on level 3 of the Dungeon.
You were not hungry.

You visited 1 branch of the dungeon, and saw 3 of its levels.

You collected 23 gold pieces.

Inventory:

Hand Weapons
 a - a +2 dagger (weapon)
 b - a +0 blowgun
Missiles
 e - 18 poisoned needles
 f - 2 curare-tipped needles
 k - 4 tomahawks (quivered)
Armour
 c - a +0 robe (worn)
 d - a +0 cloak (worn)
Jewellery
 x - an amulet of regeneration (around neck)
Wands
 s - a wand of flame (21/48)
 v - a wand of digging (13/24)
Scrolls
 j - a scroll of enchant weapon {unknown}
 p - 2 scrolls of remove curse {unknown}
 q - 4 scrolls of identify {unknown}
 r - a scroll of random uselessness {unknown}
 t - 2 scrolls of fog {unknown}
Potions
 h - a potion of heal wounds {unknown}
 i - a potion of curing {unknown}
 l - a potion of magic {unknown}
 m - 2 potions of agility {unknown}
 o - a potion of invisibility {unknown}
 u - a potion of ambrosia {unknown}
Comestibles
 g - 3 bread rations
 n - 2 meat rations


   Skills:
 + Level 2.8 Fighting
 + Level 3.1 Short Blades
 + Level 2.3 Throwing
 + Level 1.4 Armour
 + Level 2.3 Dodging
 + Level 4.8 Stealth


You had 4 spell levels left.
You didn't know any spells.

Dungeon Overview and Level Annotations

Branches:
Dungeon (3/15)

Altars:
Nemelex Xobeh

Annotations:
D:3 Sigmund


Innate Abilities, Weirdness & Mutations

You have a beak for a mouth.
You have claws for feet.
You can fly.


Message History

Sigmund flickers and vanishes!
Deactivating autopickup; reactivate with Ctrl-A.
The jackal bites you but does no damage.
The jackal closely misses you. Something hits you!
The jackal closely misses you. The jackal barely misses you.
You closely miss the jackal. The jackal bites you.
* * * LOW HITPOINT WARNING * * *
The jackal misses you. The jackal barely misses you. Something hits you.
* * * LOW HITPOINT WARNING * * *
The jackal closely misses you.
You're too confused to move!
You feel less confused. The jackal misses you. x2
The jackal bites you.
* * * LOW HITPOINT WARNING * * *
The jackal misses you. The jackal completely misses you.
The jackal closely misses you. The jackal misses you. Something hits you!
You die...

#.# #.# #..###.# #
#..#.#.####.####
#..#.......w....
####..#.#..........
#.....#.hh.....?.[.
#....h...#......
#...@...........
##K##........#......
#.....<......#......
############## .....
.....


You could see a worm and 3 jackals.

Vanquished Creatures
  Crazy Yiuf (D:2)
  Ijyb (D:2)
  4 adders (D:2)
  An ooze (D:1)
  2 worms (D:2)
  A giant gecko (D:1)
  4 giant cockroaches
  3 goblins
  7 hobgoblins
  A jackal (D:3)
  5 bats
  5 giant newts
  4 kobolds
  6 rats
45 creatures vanquished.

Vanquished Creatures (others)
  A fungus (D:2)
1 creature vanquished.

Grand Total: 46 creatures vanquished

Notes
Turn   | Place    | Note
--------------------------------------------------------------
     0 | D:1      | tof the Tengu Assassin began the quest for the Orb.
     0 | D:1      | Reached XP level 1. HP: 12/12 MP: 2/2
   125 | D:1      | Reached XP level 2. HP: 17/17 MP: 3/3
   691 | D:2      | Reached XP level 3. HP: 21/21 MP: 4/4
   825 | D:2      | Noticed Ijyb
  1120 | D:1      | HP: 1/22 [giant cockroach (1)]
  1436 | D:2      | Killed Ijyb
  1436 | D:2      | Reached XP level 4. HP: 12/27 MP: 5/5
  1689 | D:2      | Reached skill level 1 in Armour
  1779 | D:2      | Found a sparkling altar of Nemelex Xobeh.
  2107 | D:2      | Noticed Crazy Yiuf
  2114 | D:2      | Killed Crazy Yiuf
  2114 | D:2      | Gained mutation: You can fly. [Tengu growth]
  2114 | D:2      | Reached XP level 5. HP: 32/32 MP: 6/6
  2178 | D:3      | Noticed Sigmund
  2197 | D:3      | Slain by Sigmund

Vault maps used:
D:1:      minmay_arrival_four_circles
D:2:      minmay_strange_pillars, nemelex_xobeh_ov_fountains_minmay, uniq_iyjb,
          uniq_crazy_yiuf_cottage
D:3:      amalloy_card_club, uniq_sigmund

Action                   |  1- 3 |  4- 6 || total
-------------------------+-------+-------++-------
Melee: Dagger            |   110 |    35 ||   145
 Fire: Blowgun           |       |     1 ||     1
 Abil: Fly               |       |     2 ||     2
 Stab: Sleeping          |    11 |     8 ||    19
  Eat: Chunk             |       |     4 ||     4
